 Dungeon Crawl Stone Soup version 0.30.0-29-ga12c61a403 (webtiles) character file.

Game seed: 16694904685264319853

440 Peloso the Slasher (level 6, -12/53 HPs)
             Began as a Minotaur Fighter on June 23, 2023.
             Killed by nerve-wracking pain
             ... invoked by Grinder
              (13 damage)
             ... on level 3 of the Dungeon.
             The game lasted 00:06:50 (3222 turns).

Peloso the Slasher (Minotaur Fighter)               Turns: 3222, Time: 00:06:51

Health: -12/53     AC: 10    Str: 20    XL:     6   Next: 70%
Magic:  5/5        EV: 13    Int:  5    God:
Gold:   225        SH:  5    Dex: 12    Spells: 5/5 levels left

rFire   . . .        a - +0 long sword
rCold   . . .        d - +0 buckler
rNeg    . . .        c - +0 chain mail
rPois   .            (helmet restricted)
rElec   .            (no cloak)
rCorr   .            (no gloves)
SInv    .            (no boots)
Will    .....        j - amulet of the acrobat Stlth
                     g - +5 ring of evasion
HPRegen 0.28/turn    (no ring)
MPRegen 0.09/turn

%: acrobat
@: no status effects
A: horns 2, retaliatory headbutt
a: no special abilities


You were on level 3 of the Dungeon.
You visited 1 branch of the dungeon, and saw 4 of its levels.

You collected 225 gold pieces.

Inventory:

Hand Weapons
 a - a +0 long sword (weapon)
Armour
 c - a +0 chain mail (worn)
 d - a +0 buckler (worn)
Magical Staves
 b - a staff of fire
Jewellery
 g - a +5 ring of evasion (left hand)
 j - an amulet of the acrobat (around neck)
 k - a ring of see invisible
 p - a ring of positive energy
Wands
 s - a wand of roots (4)
Scrolls
 l - 3 scrolls of magic mapping {unknown}
 m - 5 scrolls of teleportation {unknown}
 o - a scroll of immolation {unknown}
 t - a scroll of brand weapon {unknown}
 u - a scroll of enchant weapon {unknown}
Potions
 f - a potion of might
 h - a potion of brilliance
 n - a potion of invisibility
 q - a potion of resistance
 r - a potion of haste


   Skills:
 + Level 4.7 Fighting
 + Level 6.2 Long Blades
 + Level 5.5 Armour
 + Level 1.0 Dodging
 + Level 4.5 Shields


You had 5 spell levels left.
You didn't know any spells.
Your spell library contained the following spells:

 Spells                   Type           Power      Damage    Failure   Level
 Summon Small Mammal      Summ           0%         N/A       99%         1
 Hailstorm                Conj/Ice       0%         3d3       100%        3
 Stone Arrow              Conj/Erth      0%         3d7       100%        3
 Anguish                  Hex/Necr       0%         N/A       100%        4
 Cause Fear               Hex            0%         N/A       100%        4
 Iskenderun's Battlesphe  Conj           0%         2d6       100%        5
 Enfeeble                 Hex            0%         N/A       100%        7
 Chain Lightning          Conj/Air       0%         N/A       100%        9


Dungeon Overview and Level Annotations

Branches:
Dungeon (4/15)
 Temple: D:4-7

Altars:
Gozag

Shops:
D:4 =

Annotations:
D:3 Grinder


Innate Abilities, Weirdness & Mutations

You have a pair of horns on your head.
You reflexively headbutt those who attack you in melee.


Message History

There is a stone staircase leading down here.
Grinder shouts!
Grinder gestures at you. Pain shoots through your body!
Grinder gestures at you. Pain shoots through your body!
Grinder gestures at you. Pain shoots through your body!
Grinder blinks!
You closely miss Grinder. You headbutt Grinder, but do no damage.
Grinder gestures at you. You resist with significant effort.
You barely miss Grinder. Grinder hits you but does no damage.
You closely miss Grinder. Grinder closely misses you.
You hit Grinder.
Grinder is lightly wounded.
Grinder barely misses you.
You barely miss Grinder.
Grinder is lightly wounded.
Grinder barely misses you.
You hit Grinder but do no damage. You headbutt Grinder!
Grinder is moderately wounded.
Grinder gestures at you. Pain shoots through your body!
* * * LOW HITPOINT WARNING * * *
You slash Grinder!
Grinder is severely wounded.
Grinder misses you.
You hit Grinder but do no damage.
Grinder is severely wounded.
Grinder hits you.
* * * LOW HITPOINT WARNING * * *
You writhe in agony.
* * * LOW HITPOINT WARNING * * *
Okay, then.
You hit Grinder but do no damage. Your headbutt misses Grinder.
Grinder is severely wounded.
Grinder gestures at you. Pain shoots through your body!
You die...

........# #######.# #.###
........# ####.......# #.#
........######....#########.#
........'....'...........>..#
........######....#######.###
........# #....#######.#
........# ###........#.#
.######## #####........#.# ##
#....@5......#.#
#.##.........#.#
#.##.........#.#
#.##.#'#######.# #.##.#.# #.#
#.#.<#.# #.# #.####.# #.#
#......# #.# ######## #.#


You could see Grinder.

Vanquished Creatures
  Eustachio (D:4)
  Menkaure (D:4)
  A hound (D:4)
  Robin (D:4)
  3 gnolls (D:3)
  4 adders
  3 worms
  2 dart slugs
  4 orcs
  10 endoplasms
  2 giant cockroaches
  13 goblins
  8 hobgoblins
  5 kobolds
  A quokka (D:2)
  6 ball pythons
  3 bats (D:2)
  A frilled lizard (D:3)
  A rat (D:2)
70 creatures vanquished.

Notes
Turn   | Place    | Note
-------+----------+-------------------------------------------
     0 | D:1      | Peloso the Minotaur Fighter began the quest for the Orb.
     0 | D:1      | Reached XP level 1. HP: 19/19 MP: 0/0
   224 | D:1      | Found a faded altar of an unknown god.
   236 | D:1      | Got Plato's Papyrus of Sidekicks
   707 | D:1      | Reached XP level 2. HP: 27/27 MP: 1/1
  1065 | D:2      | Reached skill level 3 in Long Blades
  1156 | D:2      | Reached XP level 3. HP: 33/33 MP: 2/2
  1388 | D:2      | Found an opulent altar of Gozag.
  1563 | D:2      | Found the +7 staff of the Meek {protect, meekguard}
  1675 | D:3      | Noticed Grinder
  1747 | D:3      | Reached XP level 4. HP: 40/40 MP: 3/3
  1905 | D:3      | Reached skill level 4 in Long Blades
  1949 | D:3      | Found an opulent altar of Gozag.
  1982 | D:3      | Got the Collected Works on the Salvo
  2518 | D:4      | Reached XP level 5. HP: 46/46 MP: 4/4
  2571 | D:4      | Noticed Eustachio
  2635 | D:4      | Killed Eustachio
  2636 | D:4      | Reached skill level 5 in Long Blades
  2636 | D:4      | Reached skill level 5 in Armour
  2636 | D:4      | Reached XP level 6. HP: 36/53 MP: 5/5
  2721 | D:4      | Found Wotropn's Jewellery Emporium.
  2924 | D:4      | Noticed Menkaure
  2924 | D:4      | Noticed Robin
  2973 | D:4      | Killed Robin
  2983 | D:4      | Killed Menkaure
  2984 | D:4      | Reached skill level 6 in Long Blades
  2984 | D:4      | Reached skill level 1 in Dodging
  3221 | D:3      | HP: 1/53 [Grinder (5)]
  3222 | D:3      | Killed from afar by Grinder

Illustrated notes

Levels and vault maps discovered:
D:1:      dpeg_arrival_simpleton_a, layout_basic,
          shapermc_ecumenical_altar_rom_forum, serial_bayou_pond_d
D:2:      minmay_skewed_foursquare, layout_basic, basic_altar,
          hangedman_decor_peaks_small, corexii_item_surrounded_by_moat
D:3:      layout_basic, nicolae_overflow_hidden_temple, uniq_grinder
D:4:      layout_loops_cross, serial_shops, shop, uniq_robin, uniq_menkaure,
          uniq_eustachio

Skill      XL: |  1  2  3  4  5  6 |
---------------+-------------------+-----
Armour         | 4 5 |  5.5
Shields        | 4 |  4.5
Long Blades    | 3 4 5 6 |  6.2
Fighting       | 4 |  4.7
Dodging        | 1 |  1.0

Action                     |  1- 3 |  4- 6 || total
---------------------------+-------+-------++-------
  Melee: Long sword        |    72 |    80 ||   152
         Headbutt          |    11 |    18 ||    29
    Use: Potion            |     4 |       ||     4
         Scroll            |       |     4 ||     4
 Armour: Chain mail        |    28 |    18 ||    46
  Dodge: Dodged            |    42 |    68 ||   110
  Block: Buckler           |    13 |    15 ||    28
